 Dungeon Crawl Stone Soup version 0.29.0-4-gdea44cf6ec (webtiles) character file.

Game seed: 4262614401532062707

149342 qw the Severer (level 17, -1/108 HPs)
             Began as a Gargoyle Fighter on Sept 9, 2022.
             Was an Elder of Okawaru.
             Killed from afar by Azrael (32 damage)
             ... with damnation
             ... on level 2 of the Spider Nest.
             The game lasted 00:12:29 (30236 turns).

qw the Severer (Gargoyle Fighter)                  Turns: 30236, Time: 00:12:30

Health: -1/108     AC: 47    Str: 27    XL:     17   Next: 51%
Magic:  24/24      EV: 16    Int: 10    God:    Okawaru [****..]
Gold:   386        SH: 22    Dex: 13    Spells: 16/16 levels left

rFire   . . .      SeeInvis .   Y - +9 broad axe (elec)
rCold   + . .      Faith    .   y - +0 tower shield
rNeg    + . .      Spirit   .   m - +6 chain mail of Lesuemp {rC+ Dex+4 Stlth+}
rPois   inf        Reflect  .   z - +2 helmet
rElec   +          Harm     .   (no cloak)
rCorr   .          Rampage  .   j - +2 pair of gloves
Will    +....                   e - +2 pair of boots
Stlth   +.........              g - amulet of the acrobat
HPRegen 0.28/turn               n - +4 ring of evasion
MPRegen 0.19/turn               q - +4 ring of protection

@: heroic, flying
A: sickness immunity, AC +12, big wings, negative energy resistance 1,
electricity resistance, torment resistance 1, petrification resistance
a: Renounce Religion, Heroism, Finesse


You were on level 2 of the Spider Nest.
You worshipped Okawaru.
Okawaru was greatly pleased with you.
You visited 5 branches of the dungeon, and saw 27 of its levels.

You collected 2437 gold pieces.
You spent 2051 gold pieces at shops.


Innate Abilities, Weirdness & Mutations

You are immune to sickness and miasma.
Your stone body is resilient. (AC +12)
You are immune to poison.
Your large and strong wings let you fly.
You resist negative energy. (rN+)
You are resistant to electric shocks. (rElec)
You are resistant to unholy torment.
You are immune to petrification.


   Skills:
 - Level 13.0(18.0) Fighting
 + Level 17.5(22.5) Axes
 - Level 7.0(12.0) Throwing
 - Level 11.0(16.0) Armour
 - Level 4.0(9.0) Dodging
 - Level 17.4(22.4) Shields
 - Level 10.0 Invocations


You had 16 spell levels left.
You didn't know any spells.
Your spell library was empty.

Inventory:

Hand Weapons
 D - a +0 morningstar
 Y - a +9 broad axe of electrocution (weapon)
Missiles
 c - 4 silver boomerangs (quivered)
 r - 27 boomerangs
Armour
 e - a +2 pair of boots (worn)
 j - a +2 pair of gloves (worn)
 m - the +6 chain mail of Lesuemp (worn) {rC+ Dex+4 Stlth+}
   (Okawaru gifted it to you on level 5 of the Lair of Beasts)

   Dex:       It affects your dexterity (+4).
   rC:        It protects you from cold.
   Stlth:     It makes you more stealthy.
 u - a +1 plate armour of fire resistance
 y - a +0 tower shield (worn)
 z - a +2 helmet (worn)
 A - the +4 plate armour of Sif Muna's Benevolence {Rampage rPois}
   (You found it on level 12 of the Dungeon)

   rPois:     It protects you from poison.
   Rampage:   It bestows one free step when moving towards enemies.
Jewellery
 g - an amulet of the acrobat (around neck)
 n - a +4 ring of evasion (left hand)
 q - a +4 ring of protection (right hand)
Wands
 C - a wand of digging (14)
Scrolls
 b - 14 scrolls of identify
 o - 4 scrolls of teleportation
 p - 6 scrolls of blinking
 t - 4 scrolls of fog
 x - 2 scrolls of enchant weapon
Potions
 a - a potion of resistance
 d - 5 potions of might
 f - 3 potions of lignification
 i - a potion of mutation
 k - 2 potions of curing
 l - 6 potions of cancellation
 s - 6 potions of attraction
 v - a potion of magic

Dungeon Overview and Level Annotations

Branches:
Dungeon (15/15)            Temple (0/1) D:6            Lair (5/5) D:8
  Swamp (3/4) Lair:2       Spider (2/4) Lair:3        Slime (0/5) Lair:4
    Orc (2/2) D:11            Elf (0/3) Orc:2        Vaults (0/5) D:14
 Depths (0/4) D:15

Altars:
Ashenzari
Cheibriados
Dithmenos
Elyvilon
Gozag
Kikubaaqudgha
Okawaru
Qazlal
Ru
Sif Muna
Uskayaw
Vehumet
Wu Jian
Xom
Yredelemnul
Zin
The Shining One
Jiyva

Shops:
D:7 *:   D:11 **   D:12 [:*?   Orc:2 *[(=

Annotations:
D:8 2 runed translucent doors
D:12 1 runed translucent door
Lair:1 2 transporters, qw's ghost, novice MiBe
Lair:2 3 runed translucent doors, qw's ghost, journeyman TrCA
Spider:2 Azrael


Message History

A hell hound comes into view.
A hell hound comes into view.
The hell hound barks!
A hell hound comes into view.
Found a stone staircase leading up.
The hell hound barks!
A hell hound comes into view. x2
The hell hound breathes flames at you.
The blast of flame hits the fire elemental.
The fire elemental completely resists.
The blast of flame misses you.
The fire elemental completely misses you.
The hell hound barks!
Enter note: You miss the fire elemental.
You block the fire elemental's attack.
You slice the fire elemental!!
You destroy the fire elemental!
Okawaru accepts your kill.
You slash the fire elemental! The fire elemental closely misses you.
The hell hound breathes flames at you.
The blast of flame hits Azrael.
Azrael completely resists.
The blast of flame misses you. The hell hound breathes flames at you.
The blast of flame hits the hell hound.
The hell hound completely resists.
The blast of flame hits the hell hound.
The hell hound completely resists.
The blast of flame hits Azrael.
Azrael completely resists.
The blast of flame hits you but does no damage.
You slice the fire elemental!!
You destroy the fire elemental!
Okawaru accepts your kill.
You slice Azrael!! Lightning courses through Azrael!
The hell hound breathes flames at you. The blast of flame misses you.
The hell hound breathes flames at you.
The blast of flame hits Azrael.
Azrael completely resists.
The blast of flame hits you! Azrael gestures at you.
The sphere of damnation explodes!
The damnation engulfs you!!
You die...

#.......... #...
#.......... ..<.
#.......#$. .....
#.>........ #### .....
#.........###..###
......#.....#.#.^.....^#
#^...#.#.......>......#
#.....%.........^..##
#...@...#.##...#####$
....#.R<.%.#...##.....#.
.. #hh..%.%.......|<##.
..00.###.<.......^..s.
.0hhh.............#?s0
#.......^...^#...##.%w.#
................#...0...
#.>.......##....#(.....(
....^.....0.......##


You could see Azrael and 5 hell hounds.

Vanquished Creatures
  Arachne (Spider:2)
  Jorgrun (D:13)
  Frances (Swamp:2)
  A thorn hunter (Swamp:2)
  Kirke (D:12)
  A fenstrider witch (Swamp:3)
  An orc warlord (Orc:2)
  A stone giant (D:15)
  A broodmother (Spider:1)
  3 eleionomae
  A spark wasp (Spider:2)
  2 entropy weavers
  3 bunyips
  Josephine (D:12)
  Harold (D:9)
  10 hydras
  8 vault guards (D:14)
  4 boulder beetles
  A ghost crab (Swamp:2)
  4 two-headed ogres
  2 centaur warriors
  A jorogumo (Spider:2)
  6 catoblepae
  Erica (Orc:1)
  5 alligators
  2 radroaches (Spider:2)
  7 death yaks (Lair:5)
  3 tengu warriors (D:15)
  An orc high priest (Orc:2)
  4 spriggans
  Sonja (D:11)
  3 pharaoh ants
  3 goliath frogs
  4 spriggan druids
  5 swamp dragons
  2 bog bodies
  2 steelbarb worms
  A wizard (D:15)
  5 orc knights
  6 deep elf pyromancers
  3 orb spiders
  14 ugly things
  6 orc sorcerers
  10 wolf spiders
  2 cyclopes
  3 will-o-the-wisps
  5 manticores
  4 black mambas
  17 elephants
  Joseph (D:8)
  A gargoyle (D:12)
  9 cane toads
  2 torpor snails
  9 demonic crawlers
  3 orange demons (D:13)
  A rime drake (shapeshifter) (D:15)
  2 rime drakes (Lair:5)
  Psyche (D:9)
  An unseen horror (D:10)
  An unseen horror zombie (D:8)
  An efreet (D:15)
  7 komodo dragons
  8 trolls
  2 red devils (D:13)
  2 bloated husks
  3 meliai (D:13)
  14 tarantellas
  4 hornets
  7 tyrant leeches
  3 slime creatures (D:14)
  15 blink frogs
  7 dream sheep (Lair:5)
  19 jumping spiders
  2 vampires (D:12)
  2 shadows
  7 wraiths
  7 culicivoras
  3 hogs (D:12)
  A hog (shapeshifter) (D:13)
  4 basilisks
  61 yaks
  Grum (D:8)
  Eustachio (D:4)
  3 wyverns
  A redback (shapeshifter) (D:15)
  18 redbacks
  A steam dragon (Lair:2)
  2 fire elementals (Spider:2)
  4 wargs
  8 vampire mosquitoes
  7 swamp worms
  2 acid dragons
  19 water moccasins
  32 orc warriors
  5 swamp drakes
  A black bear (shapeshifter) (D:15)
  2 ice beasts (D:5)
  A sky beast (D:7)
  5 black bears
  6 ogres
  22 wolves
  3 centaurs
  3 phantoms (D:5)
  3 kobold brigands
  11 bullfrogs
  3 necrophages (D:7)
  3 gnoll sergeants
  3 scorpions
  12 wights (D:8)
  4 howler monkeys
  2 electric eels
  A centaur zombie (D:8)
  4 hounds
  2 jellies
  21 orc priests
  A gnoll bouda (D:4)
  Jessica (D:2)
  4 iguanas
  Ijyb (D:5)
  22 orc wizards
  14 adders
  34 gnolls
  A shadow imp (D:5)
  2 white imps (D:7)
  4 ufetubi
  A worm (D:4)
  6 dart slugs
  56 orcs
  5 bats
  5 endoplasms
  6 giant cockroaches
  6 goblins
  7 hobgoblins
  2 jackals (D:4)
  3 quokkas
  13 ball pythons
  4 frilled lizards
  22 kobolds
  8 rats
829 creatures vanquished.

Vanquished Creatures (others)
  An eleionoma (Swamp:1)
  A bloated husk (Swamp:2)
  A jumping spider (Spider:2)
  8 foxfires
  27 fungi
  77 plants
115 creatures vanquished.

Grand Total: 944 creatures vanquished

Notes
Turn   | Place    | Note
-------+----------+-------------------------------------------
     0 | D:1      | qw the Gargoyle Fighter began the quest for the Orb.
     0 | D:1      | Reached XP level 1. HP: 14/14 MP: 1/1
     0 | D:1      | 0 ||| qw: Version: 0.1-a-113-g051387a
     0 | D:1      | 0 ||| qw: Game counter: 7244
     0 | D:1      | 0 ||| qw: Always use a shield: true
     0 | D:1      | 0 ||| qw: God list: Okawaru
     0 | D:1      | 0 ||| qw: Allow faded altars: false
     0 | D:1      | 0 ||| qw: Do Orc after D:15 true
     0 | D:1      | 0 ||| qw: Do second Lair branch before Depths: true
     0 | D:1      | 0 ||| qw: Lair rune preference: random
     0 | D:1      | 0 ||| qw: Plans: Normal, Zot, God:TSO, Crypt, Tomb, Zig,
                  | Orb
     0 | D:1      | 0 ||| PLANNING D:1-11
    94 | D:1      | Found a faded altar of an unknown god.
   167 | D:1      | 167 ||| Stepping ~*~*~tactically~*~*~ (stealth).
   170 | D:1      | Reached XP level 2. HP: 19/19 MP: 2/2
   175 | D:1      | 175 ||| Stepping ~*~*~tactically~*~*~ (stealth).
   407 | D:1      | Reached skill level 3 in Axes
   410 | D:1      | 410 ||| DROPPING +0 club.
   464 | D:1      | Reached XP level 3. HP: 23/23 MP: 3/3
  1120 | D:1      | 1120 ||| UPGRADING to amulet of the acrobat.
  1125 | D:1      | 1125 ||| READING scroll labelled VUGARA EFREO.
  1126 | D:1      | 1126 ||| READING scroll labelled FUGUAGUASKU.
  1127 | D:1      | 1127 ||| READING 2 scrolls labelled QUEF NISAH.
  1128 | D:1      | 1128 ||| READING scroll of enchant weapon.
  1128 | D:1      | 1128 ||| ENCHANTING +1 war axe.
  1129 | D:1      | 1129 ||| READING scroll labelled ODGHONI ICHA.
  1130 | D:1      | 1130 ||| DRINKING 2 bubbling inky potions.
  1176 | D:2      | 1176 ||| Stepping ~*~*~tactically~*~*~ (stealth).
  1177 | D:2      | 1177 ||| Stepping ~*~*~tactically~*~*~ (stealth).
  1178 | D:2      | 1178 ||| Stepping ~*~*~tactically~*~*~ (stealth).
  1259 | D:2      | 1259 ||| Stepping ~*~*~tactically~*~*~ (stealth).
  1267 | D:2      | 1267 ||| Stepping ~*~*~tactically~*~*~ (stealth).
  1537 | D:2      | 1537 ||| Stepping ~*~*~tactically~*~*~ (stealth).
  1656 | D:2      | Reached XP level 4. HP: 28/28 MP: 4/4
  1749 | D:2      | Noticed Jessica
  1750 | D:2      | 1750 ||| Stepping ~*~*~tactically~*~*~ (hiding).
  1751 | D:2      | 1751 ||| Stepping ~*~*~tactically~*~*~ (hiding).
  1752 | D:2      | 1752 ||| Stepping ~*~*~tactically~*~*~ (hiding).
  1755 | D:2      | Killed Jessica
  2375 | D:2      | 2375 ||| UPGRADING to +0 pair of boots.
  2380 | D:2      | 2380 ||| DROPPING +0 leather armour of fire resistance.
  2381 | D:2      | 2381 ||| DROPPING scarf of invisibility.
  2382 | D:2      | 2382 ||| UPGRADING to +0 chain mail.
  2392 | D:2      | 2392 ||| DROPPING +0 scale mail.
  2393 | D:2      | 2393 ||| READING scroll of enchant armour.
  2393 | D:2      | 2393 ||| ENCHANTING +0 pair of boots.
  2394 | D:2      | 2394 ||| UPGRADING to +4 ring of evasion.
  2395 | D:2      | 2395 ||| READING 2 scrolls labelled VOVAQI TEC KAME.
  2396 | D:2      | 2396 ||| DRINKING 2 sedimented emerald potions.
  2397 | D:2      | 2397 ||| DROPPING potion of flight.
  2398 | D:2      | 2398 ||| DROPPING scroll of vulnerability.
  2441 | D:3      | 2441 ||| Stepping ~*~*~tactically~*~*~ (stealth).
  2515 | D:3      | 2515 ||| Stepping ~*~*~tactically~*~*~ (stealth).
  2529 | D:3      | Reached XP level 5. HP: 30/32 MP: 5/5
  2572 | D:3      | 2572 ||| Stepping ~*~*~tactically~*~*~ (stealth).
  2573 | D:3      | 2573 ||| Stepping ~*~*~tactically~*~*~ (stealth).
  2574 | D:3      | 2574 ||| Stepping ~*~*~tactically~*~*~ (stealth).
  2578 | D:3      | 2578 ||| Stepping ~*~*~tactically~*~*~ (stealth).
  2580 | D:3      | 2580 ||| Stepping ~*~*~tactically~*~*~ (stealth).
  2766 | D:3      | Found an iron altar of Okawaru.
  2775 | D:3      | Became a worshipper of Warmaster Okawaru
  2776 | D:3      | Identified the +5 hand axe of Chaos {spect, rPois SInv
                  | Stlth+}
  2778 | D:3      | 2778 ||| SWAPPING to +5 hand axe of Chaos {spect, rPois
                  | SInv Stlth+}.
  2935 | D:3      | Found a shimmering altar of Xom.
  3068 | D:3      | 3068 ||| UPGRADING to +0 pair of gloves.
  3073 | D:3      | 3073 ||| DROPPING +6 ring of intelligence.
  3074 | D:3      | 3074 ||| READING 4 scrolls of identify.
  3074 | D:3      | 3074 ||| IDENTIFYING emerald potion
  3075 | D:3      | 3075 ||| READING 3 scrolls of identify.
  3075 | D:3      | 3075 ||| IDENTIFYING blue potion
  3195 | D:4      | Reached XP level 6. HP: 38/38 MP: 6/6
  3262 | D:4      | Noticed a black bear
  3270 | D:4      | Killed a black bear
  3281 | D:4      | 3281 ||| DROPPING +0 whip of venom.
  3315 | D:4      | Noticed Eustachio
  3316 | D:4      | Found a stormy altar of Qazlal.
  3325 | D:4      | Killed Eustachio
  3326 | D:4      | Reached skill level 6 in Axes
  3326 | D:4      | Reached XP level 7. HP: 43/43 MP: 7/7
  3362 | D:4      | Reached * piety under Okawaru
  3380 | D:4      | 3380 ||| Stepping ~*~*~tactically~*~*~ (hiding).
  3382 | D:4      | 3382 ||| INVOKING Heroism.
  3398 | D:4      | Reached skill level 1 in Dodging
  3398 | D:4      | 3398 ||| INVOKING Heroism.
  3404 | D:4      | Reached skill level 1 in Invocations
  3876 | D:4      | 3876 ||| READING scroll labelled BIDU KUFEA.
  3877 | D:4      | 3877 ||| READING scroll labelled ESUMNU GOWOS.
  3881 | D:4      | 3881 ||| READING 3 scrolls of identify.
  3881 | D:4      | 3881 ||| IDENTIFYING ruby potion
  3882 | D:4      | 3882 ||| DROPPING potion of degeneration.
  3894 | D:5      | Entered Level 5 of the Dungeon
  3896 | D:5      | 3896 ||| STAIRDANCE
  3990 | D:5      | 3990 ||| FLEEEEING.
  3991 | D:5      | 3991 ||| STAIRDANCE
  4067 | D:5      | 4067 ||| Stepping ~*~*~tactically~*~*~ (stealth).
  4071 | D:5      | 4071 ||| Stepping ~*~*~tactically~*~*~ (stealth).
  4073 | D:5      | 4073 ||| INVOKING Heroism.
  4076 | D:5      | Reached skill level 3 in Invocations
  4076 | D:5      | Reached XP level 8. HP: 48/48 MP: 6/10
  4080 | D:5      | Reached ** piety under Okawaru
  4144 | D:5      | 4144 ||| INVOKING Heroism.
  4272 | D:5      | 4272 ||| Stepping ~*~*~tactically~*~*~ (stealth).
  4274 | D:5      | 4274 ||| Stepping ~*~*~tactically~*~*~ (stealth).
  4276 | D:5      | 4276 ||| Stepping ~*~*~tactically~*~*~ (hiding).
  4279 | D:5      | 4279 ||| INVOKING Heroism.
  4295 | D:5      | 4295 ||| INVOKING Heroism.
  4441 | D:5      | 4441 ||| INVOKING Heroism.
  4479 | D:5      | Reached skill level 6 in Fighting
  4479 | D:5      | Reached XP level 9. HP: 55/55 MP: 12/12
  4492 | D:5      | 4492 ||| INVOKING Heroism.
  4495 | D:5      | Reached *** piety under Okawaru
  4497 | D:5      | 4497 ||| Stepping ~*~*~tactically~*~*~ (stealth).
  4604 | D:5      | Noticed Ijyb
  4605 | D:5      | 4605 ||| Stepping ~*~*~tactically~*~*~ (hiding).
  4606 | D:5      | 4606 ||| Stepping ~*~*~tactically~*~*~ (hiding).
  4607 | D:5      | 4607 ||| INVOKING Heroism.
  4611 | D:5      | Killed Ijyb
  4630 | D:5      | 4630 ||| Stepping ~*~*~tactically~*~*~ (hiding).
  4639 | D:5      | 4639 ||| Stepping ~*~*~tactically~*~*~ (stealth).
  4722 | D:5      | Found an ornate altar of the Wu Jian Council.
  4925 | D:5      | 4925 ||| UPGRADING to +6 ring of dexterity.
  4926 | D:5      | 4926 ||| READING 2 scrolls labelled TOOXZO DI KEILL.
  4927 | D:5      | 4927 ||| READING scroll labelled WIURHOA KOLUT.
  4928 | D:5      | 4928 ||| READING 2 scrolls of identify.
  4928 | D:5      | 4928 ||| IDENTIFYING purple potion
  4964 | D:6      | Found a sacrificial altar of Ru.
  4995 | D:6      | 4995 ||| INVOKING Heroism.
  4998 | D:6      | Reached skill level 1 in Throwing
  5023 | D:6      | 5023 ||| DROPPING +0 flail.
  5084 | D:6      | Found a staircase to the Ecumenical Temple.
  5113 | D:6      | 5113 ||| Stepping ~*~*~tactically~*~*~ (hiding).
  5219 | D:6      | Found an opulent altar of Gozag.
  5221 | D:6      | 5221 ||| INVOKING Heroism.
  5319 | D:6      | Found a snail-covered altar of Cheibriados.
  5329 | D:6      | 5329 ||| READING scroll of enchant armour.
  5329 | D:6      | 5329 ||| ENCHANTING +0 pair of gloves.
  5515 | D:6      | Found a shadowy altar of Dithmenos.
  5573 | D:6      | 5573 ||| UPGRADING to +0 kite shield.
  5583 | D:6      | 5583 ||| DROPPING +0 buckler.
  5608 | D:7      | Found Zozoajai's Book Shop.
  5636 | D:7      | 5636 ||| Stepping ~*~*~tactically~*~*~ (stealth).
  5663 | D:7      | Found a broken altar of Ashenzari.
  5823 | D:7      | 5823 ||| Stepping ~*~*~tactically~*~*~ (hiding).
  5829 | D:7      | 5829 ||| INVOKING Heroism.
  5836 | D:7      | 5836 ||| DRINKING 4 potions of curing.
  5836 | D:7      | 5836 ||| (to cure confusion)
  5947 | D:7      | 5947 ||| INVOKING Heroism.
  5965 | D:7      | Found Semey's General Store.
  5979 | D:7      | 5979 ||| Stepping ~*~*~tactically~*~*~ (stealth).
  5981 | D:7      | 5981 ||| Stepping ~*~*~tactically~*~*~ (stealth).
  5988 | D:7      | 5988 ||| INVOKING Heroism.
  5994 | D:7      | Reached skill level 6 in Shields
  6004 | D:7      | Reached XP level 10. HP: 49/60 MP: 11/13
  6005 | D:7      | Reached **** piety under Okawaru
  6137 | D:7      | 6137 ||| BUYING +0 plate armour (299 gold).
  6137 | D:7      | Bought a +0 plate armour for 299 gold pieces
  6137 | D:7      | 6137 ||| SHOPLISTING potion of curing (39 gold, have 14).
  6137 | D:7      | 6137 ||| SHOPLISTING scroll of enchant armour (97 gold,
                  | have 14).
  6137 | D:7      | 6137 ||| SHOPLISTING scroll of enchant weapon (97 gold,
                  | have 14).
  6137 | D:7      | 6137 ||| SHOPLISTING scroll of fog (52 gold, have 14).
  6537 | D:7      | 6537 ||| Stepping ~*~*~tactically~*~*~ (stealth).
  6541 | D:7      | 6541 ||| INVOKING Heroism.
  6545 | D:7      | Reached skill level 9 in Axes
  6585 | D:7      | 6585 ||| INVOKING Heroism.
  6906 | D:7      | 6906 ||| UPGRADING to +0 plate armour.
  6916 | D:7      | 6916 ||| DROPPING +0 chain mail.
  6917 | D:7      | 6917 ||| READING scroll labelled FUNEDI NU FACK.
  6918 | D:7      | 6918 ||| READING 2 scrolls of identify.
  6918 | D:7      | 6918 ||| IDENTIFYING bubbling emerald potion
  6919 | D:7      | 6919 ||| DROPPING potion of ambrosia.
  6960 | D:8      | 6960 ||| STAIRDANCE
  6965 | D:8      | 6965 ||| STAIRDANCE
  6970 | D:8      | 6970 ||| STAIRDANCE
  6988 | D:8      | Found a staircase to the Lair.
  6988 | D:8      | Identified the +1 leather armour of Yhiecopu {Drain Str+5
                  | Dex+4}
  6989 | D:8      | 6989 ||| Stepping ~*~*~tactically~*~*~ (hiding).
  6996 | D:8      | 6996 ||| INVOKING Heroism.
  7023 | D:8      | 7023 ||| INVOKING Heroism.
  7025 | D:8      | 7025 ||| Stepping ~*~*~tactically~*~*~ (hiding).
  7035 | D:8      | 7035 ||| DRINKING 3 potions of curing.
  7035 | D:8      | 7035 ||| (to cure confusion)
  7038 | D:8      | 7038 ||| Stepping ~*~*~tactically~*~*~ (stealth).
  7062 | D:8      | 7062 ||| Stepping ~*~*~tactically~*~*~ (stealth).
  7260 | D:8      | Noticed Joseph
  7260 | D:8      | Noticed Grum
  7261 | D:8      | 7261 ||| Stepping ~*~*~tactically~*~*~ (hiding).
  7267 | D:8      | 7267 ||| INVOKING Heroism.
  7276 | D:8      | Killed Joseph
  7288 | D:8      | 7288 ||| INVOKING Heroism.
  7291 | D:8      | Killed Grum
  7304 | D:8      | Reached skill level 6 in Armour
  7316 | D:8      | Reached skill level 6 in Invocations
  7382 | D:8      | Found a basalt altar of Yredelemnul.
  7442 | D:8      | 7442 ||| Stepping ~*~*~tactically~*~*~ (hiding).
  7445 | D:8      | 7445 ||| INVOKING Heroism.
  7455 | D:8      | 7455 ||| Stepping ~*~*~tactically~*~*~ (stealth).
  7484 | D:8      | 7484 ||| Stepping ~*~*~tactically~*~*~ (stealth).
  7489 | D:8      | 7489 ||| FLEEEEING.
  7490 | D:8      | 7490 ||| FLEEEEING.
  7491 | D:8      | 7491 ||| FLEEEEING.
  7492 | D:8      | 7492 ||| FLEEEEING.
  7493 | D:8      | 7493 ||| FLEEEEING.
  7494 | D:8      | 7494 ||| FLEEEEING.
  7497 | D:8      | 7497 ||| FLEEEEING.
  7498 | D:8      | 7498 ||| STAIRDANCE
  7533 | D:7      | 7533 ||| DROPPING +1 pair of boots.
  7534 | D:7      | 7534 ||| UPGRADING to +4 ring of protection.
  7536 | D:7      | 7536 ||| DROPPING +6 ring of dexterity.
  7551 | D:8      | 7551 ||| Stepping ~*~*~tactically~*~*~ (stealth).
  7561 | D:8      | 7561 ||| Stepping ~*~*~tactically~*~*~ (stealth).
  7563 | D:8      | 7563 ||| Stepping ~*~*~tactically~*~*~ (hiding).
  7606 | D:8      | 7606 ||| Stepping ~*~*~tactically~*~*~ (hiding).
  7608 | D:8      | 7608 ||| Stepping ~*~*~tactically~*~*~ (hiding).
  7769 | D:8      | 7769 ||| Stepping ~*~*~tactically~*~*~ (stealth).
  7771 | D:8      | 7771 ||| Stepping ~*~*~tactically~*~*~ (stealth).
  7774 | D:8      | 7774 ||| INVOKING Heroism.
  7829 | D:8      | 7829 ||| INVOKING Heroism.
  7841 | D:8      | Reached ***** piety under Okawaru
  7868 | D:8      | Found a runed translucent door.
  7981 | D:8      | Found a runed translucent door.
  7986 | D:8      | 7986 ||| Stepping ~*~*~tactically~*~*~ (stealth).
  8084 | D:8      | 8084 ||| PLANNING LAIR
  8084 | D:8      | 8084 ||| READING scroll labelled KUSTEA UTREO.
  8103 | Lair:1   | Entered Level 1 of the Lair of Beasts
  8115 | Lair:1   | Found a transporter.
  8115 | Lair:1   | Noticed an eight-headed hydra
  8118 | Lair:1   | Found a transporter.
  8119 | Lair:1   | 8119 ||| Stepping ~*~*~tactically~*~*~ (stealth).
  8190 | Lair:1   | 8190 ||| Stepping ~*~*~tactically~*~*~ (stealth).
  8194 | Lair:1   | 8194 ||| INVOKING Heroism.
  8210 | Lair:1   | Reached skill level 9 in Shields
  8210 | Lair:1   | Reached XP level 11. HP: 67/67 MP: 14/16
  8226 | Lair:1   | Received a gift from Okawaru
  8287 | Lair:1   | Noticed an eight-headed hydra
  8339 | Lair:1   | 8339 ||| Stepping ~*~*~tactically~*~*~ (hiding).
  8341 | Lair:1   | 8341 ||| Stepping ~*~*~tactically~*~*~ (hiding).
  8342 | Lair:1   | 8342 ||| Stepping ~*~*~tactically~*~*~ (hiding).
  8559 | Lair:1   | 8559 ||| INVOKING Heroism.
  8672 | Lair:1   | 8672 ||| INVOKING Heroism.
  8678 | Lair:1   | Received a gift from Okawaru
  8741 | Lair:1   | 8741 ||| INVOKING Heroism.
  9010 | Lair:1   | 9010 ||| READING 6 scrolls of identify.
  9010 | Lair:1   | 9010 ||| IDENTIFYING lumpy ruby potion
  9030 | Lair:1   | Noticed qw's ghost (novice MiBe)
  9081 | Lair:2   | 9081 ||| Stepping ~*~*~tactically~*~*~ (stealth).
  9144 | Lair:2   | Identified the +7 rapier "Azoe" {flame, rC+ Int+3}
  9198 | Lair:2   | Found a dark tunnel.
  9215 | Lair:2   | 9215 ||| INVOKING Heroism.
  9216 | Lair:2   | 9216 ||| Stepping ~*~*~tactically~*~*~ (stealth).
  9217 | Lair:2   | 9217 ||| Stepping ~*~*~tactically~*~*~ (stealth).
  9222 | Lair:2   | Reached skill level 9 in Invocations
  9242 | Lair:2   | Received a gift from Okawaru
  9243 | Lair:2   | 9243 ||| FLEEEEING.
  9244 | Lair:2   | 9244 ||| FLEEEEING.
  9245 | Lair:2   | 9245 ||| FLEEEEING.
  9254 | Lair:2   | 9254 ||| INVOKING Heroism.
  9259 | Lair:2   | 9259 ||| Stepping ~*~*~tactically~*~*~ (water).
  9262 | Lair:2   | 9262 ||| FLEEEEING.
  9268 | Lair:2   | 9268 ||| FLEEEEING.
  9269 | Lair:2   | 9269 ||| FLEEEEING.
  9493 | Lair:2   | Found a runed translucent gate.
  9494 | Lair:2   | Found a runed translucent gate.
  9494 | Lair:2   | Noticed qw's ghost (journeyman TrCA)
  9497 | Lair:2   | Found a runed translucent gate.
  9802 | Lair:2   | 9802 ||| INVOKING Heroism.
  9808 | Lair:2   | Reached skill level 3 in Throwing
  9851 | Lair:2   | 9851 ||| INVOKING Heroism.
  9878 | Lair:2   | Found a staircase to the Swamp.
  9881 | Lair:2   | Noticed a bog body
  9889 | Lair:2   | Killed a bog body
  9889 | Lair:2   | Received a gift from Okawaru
  9890 | Lair:2   | Reached XP level 12. HP: 32/73 MP: 19/19
 10165 | Lair:2   | 10165 ||| INVOKING Heroism.
 10192 | Lair:2   | Received a gift from Okawaru
 10305 | Lair:2   | 10305 ||| SWAPPING to +4 vorpal broad axe.
 10306 | Lair:2   | 10306 ||| DROPPING +5 hand axe of Chaos {spect, rPois SInv
                  | Stlth+}.
 10307 | Lair:2   | 10307 ||| DROPPING +2 war axe.
 10308 | Lair:2   | 10308 ||| READING 4 scrolls of enchant weapon.
 10308 | Lair:2   | 10308 ||| ENCHANTING +4 vorpal broad axe.
 10309 | Lair:2   | 10309 ||| READING 3 scrolls of enchant weapon.
 10309 | Lair:2   | 10309 ||| ENCHANTING +5 vorpal broad axe.
 10310 | Lair:2   | 10310 ||| READING 2 scrolls of enchant weapon.
 10310 | Lair:2   | 10310 ||| ENCHANTING +6 vorpal broad axe.
 10311 | Lair:2   | 10311 ||| READING scroll of enchant weapon.
 10311 | Lair:2   | 10311 ||| ENCHANTING +7 vorpal broad axe.
 10380 | Lair:2   | 10380 ||| INVOKING Heroism.
 10381 | Lair:2   | 10381 ||| Stepping ~*~*~tactically~*~*~ (cloud).
 10382 | Lair:2   | 10382 ||| Stepping ~*~*~tactically~*~*~ (cloud).
 10383 | Lair:2   | 10383 ||| READING 2 scrolls labelled QIEGYD ZIOSCHE.
 10725 | Lair:2   | 10725 ||| DROPPING scroll of fear.
 10806 | Lair:3   | 10806 ||| INVOKING Heroism.
 10881 | Lair:3   | 10881 ||| FLEEEEING.
 10882 | Lair:3   | 10882 ||| FLEEEEING.
 10883 | Lair:3   | 10883 ||| FLEEEEING.
 10884 | Lair:3   | 10884 ||| FLEEEEING.
 10885 | Lair:3   | 10885 ||| FLEEEEING.
 10886 | Lair:3   | 10886 ||| FLEEEEING.
 10887 | Lair:3   | 10887 ||| FLEEEEING.
 10889 | Lair:3   | 10889 ||| FLEEEEING.
 10902 | Lair:3   | 10902 ||| INVOKING Heroism.
 11089 | Lair:3   | 11089 ||| INVOKING Heroism.
 11405 | Lair:3   | 11405 ||| INVOKING Heroism.
 11418 | Lair:3   | Reached skill level 9 in Fighting
 11555 | Lair:3   | Found a hole to the Spider Nest.
 11556 | Lair:3   | 11556 ||| INVOKING Finesse.
 11560 | Lair:3   | 11560 ||| READING 2 scrolls of teleportation.
 11561 | Lair:3   | 11561 ||| Stepping randomly (stuck).
 11562 | Lair:3   | 11562 ||| Stepping randomly (stuck).
 11563 | Lair:3   | 11563 ||| Stepping randomly (stuck).
 11564 | Lair:3   | 11564 ||| Stepping randomly (stuck).
 11741 | Lair:3   | 11741 ||| INVOKING Finesse.
 11742 | Lair:3   | 11742 ||| FLEEEEING.
 11743 | Lair:3   | 11743 ||| FLEEEEING.
 11744 | Lair:3   | 11744 ||| FLEEEEING.
 11745 | Lair:3   | 11745 ||| FLEEEEING.
 12001 | Lair:3   | 12001 ||| INVOKING Finesse.
 12002 | Lair:3   | 12002 ||| READING scroll of teleportation.
 12003 | Lair:3   | 12003 ||| FLEEEEING.
 12004 | Lair:3   | 12004 ||| FLEEEEING.
 12005 | Lair:3   | 12005 ||| FLEEEEING.
 12267 | Lair:3   | 12267 ||| INVOKING Finesse.
 12268 | Lair:3   | 12268 ||| Stepping randomly (stuck).
 12269 | Lair:3   | 12269 ||| Stepping randomly (stuck).
 12270 | Lair:3   | 12270 ||| Stepping randomly (stuck).
 12308 | Lair:3   | 12308 ||| INVOKING Finesse.
 12581 | Lair:4   | 12581 ||| INVOKING Heroism.
 12585 | Lair:4   | Received a gift from Okawaru
 12606 | Lair:4   | 12606 ||| INVOKING Heroism.
 12627 | Lair:4   | Reached skill level 12 in Axes
 12628 | Lair:4   | Received a gift from Okawaru
 12746 | Lair:4   | Found a viscous altar of Jiyva.
 12747 | Lair:4   | Found a staircase to the Slime Pits.
 12767 | Lair:4   | 12767 ||| Stepping ~*~*~tactically~*~*~ (stealth).
 12792 | Lair:4   | Reached XP level 13. HP: 74/80 MP: 20/20
 12794 | Lair:4   | 12794 ||| Stepping ~*~*~tactically~*~*~ (stealth).
 12795 | Lair:4   | 12795 ||| Stepping ~*~*~tactically~*~*~ (stealth).
 12796 | Lair:4   | 12796 ||| INVOKING Heroism.
 12820 | Lair:4   | Reached skill level 9 in Armour
 12848 | Lair:4   | 12848 ||| INVOKING Heroism.
 12849 | Lair:4   | 12849 ||| INVOKING Finesse.
 12921 | Lair:4   | 12921 ||| Stepping ~*~*~tactically~*~*~ (stealth).
 12990 | Lair:4   | 12990 ||| READING scroll of enchant armour.
 12990 | Lair:4   | 12990 ||| ENCHANTING +1 pair of gloves.
 13532 | Lair:4   | 13532 ||| READING 9 scrolls of identify.
 13532 | Lair:4   | 13532 ||| IDENTIFYING glowing purple potion
 13533 | Lair:4   | 13533 ||| DROPPING potion of brilliance.
 13553 | Lair:5   | Entered Level 5 of the Lair of Beasts
 13554 | Lair:5   | 13554 ||| INVOKING Heroism.
 13556 | Lair:5   | 13556 ||| STAIRDANCE
 13569 | Lair:5   | Received a gift from Okawaru
 13587 | Lair:5   | Identified the +6 chain mail of Lesuemp {rC+ Dex+4 Stlth+}
                  | (Okawaru gifted it to you on level 5 of the Lair of Beasts)
 13587 | Lair:5   | Received a gift from Okawaru
 13607 | Lair:5   | 13607 ||| FLEEEEING.
 13608 | Lair:5   | 13608 ||| STAIRDANCE
 13734 | Lair:5   | 13734 ||| INVOKING Heroism.
 13743 | Lair:5   | 13743 ||| INVOKING Finesse.
 13751 | Lair:5   | 13751 ||| SWAPPING to +2 flail of protection.
 13755 | Lair:5   | 13755 ||| Stepping ~*~*~tactically~*~*~ (outnumbered).
 13756 | Lair:5   | 13756 ||| Stepping ~*~*~tactically~*~*~ (outnumbered).
 13766 | Lair:5   | HP: 18/82 [eight-headed hydra (11)]
 13767 | Lair:5   | 13767 ||| READING scroll of teleportation.
 13768 | Lair:5   | 13768 ||| DRINKING 3 potions of heal wounds.
 13772 | Lair:5   | 13772 ||| SWAPPING to +8 vorpal broad axe.
 13787 | Lair:5   | 13787 ||| Stepping ~*~*~tactically~*~*~ (stealth).
 13789 | Lair:5   | 13789 ||| INVOKING Heroism.
 13867 | Lair:5   | 13867 ||| FLEEEEING.
 13868 | Lair:5   | 13868 ||| FLEEEEING.
 13869 | Lair:5   | 13869 ||| FLEEEEING.
 13870 | Lair:5   | 13870 ||| FLEEEEING.
 13871 | Lair:5   | 13871 ||| FLEEEEING.
 13872 | Lair:5   | 13872 ||| FLEEEEING.
 13873 | Lair:5   | 13873 ||| FLEEEEING.
 13874 | Lair:5   | 13874 ||| FLEEEEING.
 13875 | Lair:5   | 13875 ||| FLEEEEING.
 13876 | Lair:5   | 13876 ||| FLEEEEING.
 13877 | Lair:5   | 13877 ||| FLEEEEING.
 13878 | Lair:5   | 13878 ||| FLEEEEING.
 13879 | Lair:5   | 13879 ||| STAIRDANCE
 13958 | Lair:4   | 13958 ||| UPGRADING to +6 chain mail of Lesuemp {rC+ Dex+4
                  | Stlth+}.
 13968 | Lair:4   | 13968 ||| DROPPING +0 plate armour.
 13971 | Lair:5   | 13971 ||| INVOKING Heroism.
 13972 | Lair:5   | 13972 ||| SWAPPING to +2 flail of protection.
 13973 | Lair:5   | 13973 ||| INVOKING Finesse.
 13980 | Lair:5   | 13980 ||| SWAPPING to +8 vorpal broad axe.
 14017 | Lair:5   | 14017 ||| STAIRDANCE
 14208 | Lair:5   | 14208 ||| INVOKING Heroism.
 14209 | Lair:5   | 14209 ||| INVOKING Finesse.
 14212 | Lair:5   | 14212 ||| SWAPPING to +2 flail of protection.
 14216 | Lair:5   | Reached skill level 3 in Dodging
 14216 | Lair:5   | 14216 ||| SWAPPING to +8 vorpal broad axe.
 14294 | Lair:5   | 14294 ||| INVOKING Heroism.
 14295 | Lair:5   | 14295 ||| INVOKING Finesse.
 14345 | Lair:5   | 14345 ||| Stepping ~*~*~tactically~*~*~ (stealth).
 14347 | Lair:5   | 14347 ||| Stepping ~*~*~tactically~*~*~ (stealth).
 14350 | Lair:5   | 14350 ||| INVOKING Heroism.
 14357 | Lair:5   | 14357 ||| INVOKING Finesse.
 14398 | Lair:5   | 14398 ||| Stepping ~*~*~tactically~*~*~ (stealth).
 14400 | Lair:5   | 14400 ||| INVOKING Heroism.
 14520 | Lair:5   | 14520 ||| INVOKING Heroism.
 14521 | Lair:5   | 14521 ||| INVOKING Finesse.
 14673 | Lair:5   | 14673 ||| Stepping ~*~*~tactically~*~*~ (hiding).
 14674 | Lair:5   | 14674 ||| INVOKING Heroism.
 14691 | Lair:5   | Gained mutation: Your large and strong wings let you fly.
                  | [Gargoyle growth]
 14691 | Lair:5   | Reached XP level 14. HP: 54/88 MP: 21/21
 14838 | Lair:5   | 14838 ||| INVOKING Heroism.
 14839 | Lair:5   | 14839 ||| INVOKING Finesse.
 15012 | Lair:5   | Received a gift from Okawaru
 15055 | Lair:5   | 15055 ||| FLEEEEING.
 15056 | Lair:5   | 15056 ||| FLEEEEING.
 15057 | Lair:5   | 15057 ||| FLEEEEING.
 15058 | Lair:5   | 15058 ||| FLEEEEING.
 15059 | Lair:5   | 15059 ||| FLEEEEING.
 15060 | Lair:5   | 15060 ||| FLEEEEING.
 15061 | Lair:5   | 15061 ||| FLEEEEING.
 15062 | Lair:5   | 15062 ||| FLEEEEING.
 15063 | Lair:5   | 15063 ||| FLEEEEING.
 15064 | Lair:5   | 15064 ||| FLEEEEING.
 15065 | Lair:5   | 15065 ||| FLEEEEING.
 15066 | Lair:5   | 15066 ||| FLEEEEING.
 15067 | Lair:5   | 15067 ||| FLEEEEING.
 15068 | Lair:5   | 15068 ||| FLEEEEING.
 15069 | Lair:5   | 15069 ||| INVOKING Heroism.
 15174 | Lair:5   | Received a gift from Okawaru
 15216 | Lair:5   | 15216 ||| INVOKING Heroism.
 15397 | Lair:5   | 15397 ||| INVOKING Heroism.
 15401 | Lair:5   | Received a gift from Okawaru
 15750 | Lair:5   | 15750 ||| PLANNING D:1-11
 15750 | Lair:5   | 15750 ||| DROPPING ring of resist corrosion.
 15751 | Lair:5   | 15751 ||| READING 9 scrolls of identify.
 15751 | Lair:5   | 15751 ||| IDENTIFYING bubbling black potion
 16096 | D:9      | 16096 ||| Stepping ~*~*~tactically~*~*~ (stealth).
 16101 | D:9      | Noticed Harold
 16102 | D:9      | 16102 ||| Stepping ~*~*~tactically~*~*~ (hiding).
 16114 | D:9      | Killed Harold
 16149 | D:9      | Found a glowing golden altar of the Shining One.
 16267 | D:9      | 16267 ||| READING 8 scrolls of identify.
 16267 | D:9      | 16267 ||| IDENTIFYING bubbling white potion
 16269 | D:9      | 16269 ||| Stepping ~*~*~tactically~*~*~ (stealth).
 16273 | D:9      | 16273 ||| Stepping ~*~*~tactically~*~*~ (stealth).
 16283 | D:9      | Found a hide-covered altar of Uskayaw.
 16381 | D:9      | Reached skill level 12 in Shields
 16492 | D:9      | Noticed Psyche
 16503 | D:9      | Killed Psyche
 16640 | D:9      | Found a glowing silver altar of Zin.
 16772 | D:9      | 16772 ||| READING 7 scrolls of identify.
 16772 | D:9      | 16772 ||| IDENTIFYING orange potion
 16773 | D:9      | 16773 ||| DROPPING potion of invisibility.
 16795 | D:10     | Entered Level 10 of the Dungeon
 16829 | D:10     | 16829 ||| Stepping ~*~*~tactically~*~*~ (stealth).
 16862 | D:10     | 16862 ||| Stepping ~*~*~tactically~*~*~ (stealth).
 16894 | D:10     | 16894 ||| READING scroll of enchant weapon.
 16894 | D:10     | 16894 ||| ENCHANTING +8 vorpal broad axe.
 16928 | D:10     | Received a gift from Okawaru
 16942 | D:10     | 16942 ||| Stepping ~*~*~tactically~*~*~ (hiding).
 16943 | D:10     | 16943 ||| Stepping ~*~*~tactically~*~*~ (hiding).
 17147 | D:10     | 17147 ||| Stepping ~*~*~tactically~*~*~ (stealth).
 17150 | D:10     | 17150 ||| Stepping ~*~*~tactically~*~*~ (hiding).
 17299 | D:10     | 17299 ||| DRINKING 3 potions of curing.
 17299 | D:10     | 17299 ||| (to cure confusion)
 17314 | D:10     | Found an ancient bone altar of Kikubaaqudgha.
 17322 | D:10     | 17322 ||| Stepping ~*~*~tactically~*~*~ (stealth).
 17326 | D:10     | Found a shimmering blue altar of Sif Muna.
 17385 | D:10     | Found a radiant altar of Vehumet.
 17624 | D:10     | 17624 ||| UPGRADING to +0 tower shield.
 17634 | D:10     | 17634 ||| DROPPING +0 kite shield.
 17654 | D:11     | 17654 ||| INVOKING Heroism.
 17655 | D:11     | 17655 ||| SWAPPING to +2 flail of protection.
 17656 | D:11     | 17656 ||| INVOKING Finesse.
 17666 | D:11     | 17666 ||| SWAPPING to +9 vorpal broad axe.
 17713 | D:11     | Found a staircase to the Orcish Mines.
 17728 | D:11     | Found Wingaphuot's Specific Store.
 17730 | D:11     | Found Zathrauso's General Store.
 17742 | D:11     | 17742 ||| BUYING scroll of blinking (112 gold).
 17742 | D:11     | Bought a scroll of blinking for 112 gold pieces
 17742 | D:11     | 17742 ||| BUYING scroll of identify (30 gold).
 17742 | D:11     | Bought a scroll of identify for 30 gold pieces
 17746 | D:11     | Noticed Sonja
 17747 | D:11     | 17747 ||| INVOKING Finesse.
 17755 | D:11     | Killed Sonja
 17838 | D:11     | 17838 ||| Stepping ~*~*~tactically~*~*~ (hiding).
 17840 | D:11     | 17840 ||| INVOKING Heroism.
 18019 | D:11     | 18019 ||| Stepping ~*~*~tactically~*~*~ (stealth).
 18028 | D:11     | Received a gift from Okawaru
 18206 | D:11     | 18206 ||| Stepping ~*~*~tactically~*~*~ (hiding).
 18244 | D:11     | Found a shimmering blue altar of Sif Muna.
 18245 | D:11     | 18245 ||| Stepping ~*~*~tactically~*~*~ (hiding).
 18323 | D:11     | 18323 ||| INVOKING Heroism.
 18446 | D:11     | 18446 ||| PLANNING D
 18461 | D:12     | Found Bororr's Armour Shoppe.
 18464 | D:12     | 18464 ||| BUYING +0 helmet (54 gold).
 18464 | D:12     | Bought a +0 helmet for 54 gold pieces
 18483 | D:12     | 18483 ||| Stepping ~*~*~tactically~*~*~ (stealth).
 18487 | D:12     | Noticed Josephine
 18488 | D:12     | 18488 ||| Stepping ~*~*~tactically~*~*~ (stealth).
 18547 | D:12     | 18547 ||| Stepping ~*~*~tactically~*~*~ (hiding).
 18551 | D:12     | 18551 ||| INVOKING Heroism.
 18556 | D:12     | Killed Josephine
 18556 | D:12     | Received a gift from Okawaru
 18561 | D:12     | 18561 ||| Stepping ~*~*~tactically~*~*~ (stealth).
 18563 | D:12     | 18563 ||| Stepping ~*~*~tactically~*~*~ (stealth).
 18634 | D:12     | Found Gaog's Magic Scroll Emporium.
 18639 | D:12     | 18639 ||| Stepping ~*~*~tactically~*~*~ (hiding).
 18650 | D:12     | 18650 ||| INVOKING Heroism.
 18657 | D:12     | 18657 ||| DROPPING +4 flail.
 18664 | D:12     | Found a runed translucent door.
 18667 | D:12     | 18667 ||| BUYING 3 scrolls of blinking (247 gold).
 18667 | D:12     | Bought 3 scrolls of blinking for 247 gold pieces
 18667 | D:12     | 18667 ||| BUYING scroll of identify (22 gold).
 18667 | D:12     | Bought a scroll of identify for 22 gold pieces
 18667 | D:12     | 18667 ||| BUYING scroll of teleportation (33 gold).
 18667 | D:12     | Bought a scroll of teleportation for 33 gold pieces
 18668 | D:12     | Identified the +4 plate armour of Sif Muna's Benevolence
                  | {Rampage rPois}
 18681 | D:12     | Noticed Kirke
 18694 | D:12     | 18694 ||| INVOKING Heroism.
 18695 | D:12     | 18695 ||| INVOKING Finesse.
 18708 | D:12     | Killed Kirke
 18791 | D:12     | Found Coir's Assorted Antiques.
 18802 | D:12     | 18802 ||| BUYING blackened peridot ring (150 gold).
 18802 | D:12     | Bought a blackened peridot ring for 150 gold pieces
 18802 | D:12     | 18802 ||| BUYING scroll labelled QAFYBR RASMU (30 gold).
 18802 | D:12     | Bought a scroll labelled QAFYBR RASMU for 30 gold pieces
 18802 | D:12     | 18802 ||| SHOPLISTING scroll of enchant armour (225 gold,
                  | have 195).
 18802 | D:12     | 18802 ||| BUYING scroll of teleportation (90 gold).
 18802 | D:12     | Bought a scroll of teleportation for 90 gold pieces
 18869 | D:12     | 18869 ||| READING scroll of enchant armour.
 18869 | D:12     | 18869 ||| ENCHANTING +1 pair of boots.
 18921 | D:12     | Found Coptuyrph's Book Shoppe.
 18933 | D:12     | 18933 ||| Stepping ~*~*~tactically~*~*~ (hiding).
 18935 | D:12     | 18935 ||| Stepping ~*~*~tactically~*~*~ (hiding).
 18936 | D:12     | 18936 ||| Stepping ~*~*~tactically~*~*~ (hiding).
 19172 | D:12     | 19172 ||| UPGRADING to +0 helmet.
 19177 | D:12     | 19177 ||| DROPPING ring of positive energy.
 19178 | D:12     | 19178 ||| READING scroll labelled QAFYBR RASMU.
 19263 | D:13     | 19263 ||| Stepping ~*~*~tactically~*~*~ (hiding).
 19265 | D:13     | 19265 ||| Stepping ~*~*~tactically~*~*~ (hiding).
 19268 | D:13     | 19268 ||| INVOKING Heroism.
 19269 | D:13     | 19269 ||| INVOKING Finesse.
 19319 | D:13     | 19319 ||| READING 3 scrolls of brand weapon.
 19319 | D:13     | 19319 ||| BRANDING +9 vorpal broad axe.
 19320 | D:13     | 19320 ||| READING 2 scrolls of brand weapon.
 19320 | D:13     | 19320 ||| BRANDING +9 broad axe of protection.
 19321 | D:13     | 19321 ||| DROPPING +2 flail of protection.
 19322 | D:13     | 19322 ||| READING scroll of brand weapon.
 19322 | D:13     | 19322 ||| BRANDING +9 broad axe of flaming.
 19326 | D:13     | 19326 ||| INVOKING Heroism.
 19394 | D:13     | 19394 ||| INVOKING Heroism.
 19395 | D:13     | 19395 ||| INVOKING Finesse.
 19465 | D:13     | Reached XP level 15. HP: 90/94 MP: 22/22
 19514 | D:13     | 19514 ||| INVOKING Heroism.
 19515 | D:13     | 19515 ||| INVOKING Finesse.
 19645 | D:13     | 19645 ||| Stepping ~*~*~tactically~*~*~ (hiding).
 19771 | D:13     | 19771 ||| Stepping ~*~*~tactically~*~*~ (stealth).
 19773 | D:13     | 19773 ||| Stepping ~*~*~tactically~*~*~ (stealth).
 19776 | D:13     | 19776 ||| INVOKING Heroism.
 19780 | D:13     | 19780 ||| READING 5 scrolls of teleportation.
 19835 | D:13     | You are sucked into a shaft and drop 1 floor!
 19843 | D:14     | 19843 ||| READING 3 scrolls labelled POSSUI HIPA.
 19920 | D:14     | 19920 ||| DROPPING 2 scrolls of torment.
 19944 | D:13     | 19944 ||| Stepping ~*~*~tactically~*~*~ (hiding).
 20203 | D:13     | Noticed Jorgrun
 20204 | D:13     | 20204 ||| INVOKING Heroism.
 20205 | D:13     | 20205 ||| INVOKING Finesse.
 20219 | D:13     | Killed Jorgrun
 20220 | D:13     | Reached skill level 15 in Shields
 20486 | D:13     | 20486 ||| INVOKING Heroism.
 20601 | D:14     | 20601 ||| Stepping ~*~*~tactically~*~*~ (hiding).
 20737 | D:14     | 20737 ||| Stepping ~*~*~tactically~*~*~ (hiding).
 20876 | D:14     | 20876 ||| Stepping ~*~*~tactically~*~*~ (hiding).
 20910 | D:14     | 20910 ||| Stepping ~*~*~tactically~*~*~ (hiding).
 20933 | D:14     | 20933 ||| Stepping ~*~*~tactically~*~*~ (stealth).
 20935 | D:14     | 20935 ||| Stepping ~*~*~tactically~*~*~ (stealth).
 20943 | D:14     | Received a gift from Okawaru
 20946 | D:14     | Found an ancient bone altar of Kikubaaqudgha.
 20985 | D:14     | 20985 ||| Stepping ~*~*~tactically~*~*~ (stealth).
 20986 | D:14     | 20986 ||| Stepping ~*~*~tactically~*~*~ (stealth).
 20986 | D:14     | Found a gate to the Vaults.
 20987 | D:14     | 20987 ||| INVOKING Heroism.
 21010 | D:14     | Reached skill level 6 in Throwing
 21176 | D:14     | 21176 ||| Stepping ~*~*~tactically~*~*~ (stealth).
 21178 | D:14     | 21178 ||| Stepping ~*~*~tactically~*~*~ (stealth).
 21227 | D:14     | 21227 ||| Stepping ~*~*~tactically~*~*~ (stealth).
 21230 | D:14     | 21230 ||| Stepping ~*~*~tactically~*~*~ (stealth).
 21459 | D:14     | 21459 ||| Stepping ~*~*~tactically~*~*~ (stealth).
 21461 | D:14     | 21461 ||| Stepping ~*~*~tactically~*~*~ (stealth).
 21485 | D:14     | 21485 ||| READING scroll of enchant armour.
 21485 | D:14     | 21485 ||| ENCHANTING +0 helmet.
 21614 | D:15     | Entered Level 15 of the Dungeon
 21628 | D:15     | 21628 ||| INVOKING Heroism.
 21629 | D:15     | 21629 ||| INVOKING Finesse.
 21936 | D:15     | 21936 ||| INVOKING Heroism.
 21937 | D:15     | Paralysed by an orc sorcerer for 5 turns
 21953 | D:15     | Reached skill level 15 in Axes
 22035 | D:15     | Received a gift from Okawaru
 22045 | D:15     | Found a staircase to the Depths.
 22046 | D:15     | 22046 ||| INVOKING Heroism.
 22236 | D:15     | 22236 ||| INVOKING Heroism.
 22735 | D:15     | Found a white marble altar of Elyvilon.
 22891 | D:15     | 22891 ||| PLANNING ORC
 22891 | D:15     | 22891 ||| DROPPING +2 pair of boots.
 22892 | D:15     | 22892 ||| READING scroll labelled TUJOAD QANOSKE.
 23061 | Orc:1    | Entered Level 1 of the Orcish Mines
 23064 | Orc:1    | 23064 ||| INVOKING Heroism.
 23065 | Orc:1    | 23065 ||| INVOKING Finesse.
 23073 | Orc:1    | Received a gift from Okawaru
 23142 | Orc:1    | 23142 ||| Stepping ~*~*~tactically~*~*~ (hiding).
 23143 | Orc:1    | 23143 ||| INVOKING Heroism.
 23145 | Orc:1    | Noticed Erica
 23146 | Orc:1    | 23146 ||| INVOKING Finesse.
 23154 | Orc:1    | Reached skill level 12 in Fighting
 23172 | Orc:1    | 23172 ||| Stepping ~*~*~tactically~*~*~ (hiding).
 23175 | Orc:1    | Killed Erica
 23362 | Orc:1    | 23362 ||| DROPPING +0 whip.
 23565 | Orc:1    | 23565 ||| DROPPING +2 pair of boots of stealth.
 23579 | Orc:2    | Entered Level 2 of the Orcish Mines
 23581 | Orc:2    | 23581 ||| INVOKING Heroism.
 23594 | Orc:2    | Found a staircase to the Elven Halls.
 23628 | Orc:2    | 23628 ||| Stepping ~*~*~tactically~*~*~ (stealth).
 23717 | Orc:2    | 23717 ||| INVOKING Heroism.
 23719 | Orc:2    | Paralysed by an orc sorcerer for 4 turns
 23726 | Orc:2    | 23726 ||| INVOKING Finesse.
 23736 | Orc:2    | Noticed an orc warlord
 23758 | Orc:2    | Killed an orc warlord
 23760 | Orc:2    | 23760 ||| INVOKING Heroism.
 23766 | Orc:2    | Reached XP level 16. HP: 36/101 MP: 18/23
 23786 | Orc:2    | 23786 ||| FLEEEEING.
 23787 | Orc:2    | 23787 ||| FLEEEEING.
 23788 | Orc:2    | 23788 ||| FLEEEEING.
 23789 | Orc:2    | 23789 ||| FLEEEEING.
 23790 | Orc:2    | 23790 ||| FLEEEEING.
 23791 | Orc:2    | 23791 ||| FLEEEEING.
 23792 | Orc:2    | 23792 ||| FLEEEEING.
 23793 | Orc:2    | 23793 ||| FLEEEEING.
 23794 | Orc:2    | 23794 ||| FLEEEEING.
 23795 | Orc:2    | 23795 ||| FLEEEEING.
 23796 | Orc:2    | 23796 ||| FLEEEEING.
 23797 | Orc:2    | 23797 ||| FLEEEEING.
 23798 | Orc:2    | 23798 ||| FLEEEEING.
 23799 | Orc:2    | 23799 ||| FLEEEEING.
 23800 | Orc:2    | 23800 ||| FLEEEEING.
 23803 | Orc:2    | 23803 ||| FLEEEEING.
 23804 | Orc:2    | 23804 ||| FLEEEEING.
 23805 | Orc:2    | 23805 ||| FLEEEEING.
 23806 | Orc:2    | 23806 ||| FLEEEEING.
 23807 | Orc:2    | 23807 ||| STAIRDANCE
 24068 | Orc:2    | 24068 ||| Stepping ~*~*~tactically~*~*~ (hiding).
 24072 | Orc:2    | 24072 ||| INVOKING Heroism.
 24074 | Orc:2    | 24074 ||| STAIRDANCE
 24085 | Orc:2    | 24085 ||| STAIRDANCE
 24121 | Orc:2    | 24121 ||| Stepping ~*~*~tactically~*~*~ (hiding).
 24126 | Orc:2    | 24126 ||| INVOKING Heroism.
 24163 | Orc:2    | Found Juedydih's Antique Armour Boutique.
 24172 | Orc:2    | 24172 ||| BUYING steaming plate armour (672 gold).
 24172 | Orc:2    | Bought a steaming plate armour for 672 gold pieces
 24172 | Orc:2    | Identified the +0 plate armour "Egontuschi" {rElec rCorr}
                  | (You bought it in a shop on level 2 of the Orcish Mines)
 24176 | Orc:2    | 24176 ||| Stepping ~*~*~tactically~*~*~ (hiding).
 24193 | Orc:2    | 24193 ||| Stepping ~*~*~tactically~*~*~ (stealth).
 24198 | Orc:2    | 24198 ||| Stepping ~*~*~tactically~*~*~ (stealth).
 24201 | Orc:2    | 24201 ||| Stepping ~*~*~tactically~*~*~ (stealth).
 24203 | Orc:2    | 24203 ||| Stepping ~*~*~tactically~*~*~ (stealth).
 24210 | Orc:2    | 24210 ||| Stepping ~*~*~tactically~*~*~ (stealth).
 24213 | Orc:2    | 24213 ||| Stepping ~*~*~tactically~*~*~ (stealth).
 24221 | Orc:2    | 24221 ||| DROPPING +0 flail.
 24242 | Orc:2    | 24242 ||| Stepping ~*~*~tactically~*~*~ (stealth).
 24243 | Orc:2    | 24243 ||| Stepping ~*~*~tactically~*~*~ (hiding).
 24244 | Orc:2    | 24244 ||| INVOKING Heroism.
 24341 | Orc:2    | Found Keopius's General Store.
 24347 | Orc:2    | 24347 ||| BUYING potion of might (64 gold).
 24347 | Orc:2    | Bought a potion of might for 64 gold pieces
 24347 | Orc:2    | 24347 ||| BUYING scroll of blinking (120 gold).
 24347 | Orc:2    | Bought a scroll of blinking for 120 gold pieces
 24406 | Orc:2    | 24406 ||| INVOKING Heroism.
 24560 | Orc:2    | Found Gumec's Jewellery Boutique.
 24566 | Orc:2    | 24566 ||| SHOPLISTING amulet "Rosonir" {Spirit Harm +Blink
                  | rN+ Stlth-} (702 gold, have 155).
 24566 | Orc:2    | 24566 ||| SHOPLISTING amulet of reflection (450 gold, have
                  | 155).
 24566 | Orc:2    | 24566 ||| SHOPLISTING amulet of regeneration (450 gold,
                  | have 155).
 24601 | Orc:2    | Found Qanyteop's Antique Weapon Boutique.
 24608 | Orc:2    | 24608 ||| BUYING morningstar (128 gold).
 24608 | Orc:2    | Bought a morningstar for 128 gold pieces
 24608 | Orc:2    | 24608 ||| DROPPING +1 flail of protection.
 24661 | Orc:2    | 24661 ||| PLANNING SWAMP:1-3
 24661 | Orc:2    | 24661 ||| DROPPING +0 plate armour "Egontuschi" {rElec
                  | rCorr}.
 24874 | Swamp:1  | Entered Level 1 of the Swamp
 24947 | Swamp:1  | 24947 ||| INVOKING Heroism.
 24994 | Swamp:1  | 24994 ||| SWAPPING to +0 morningstar.
 24995 | Swamp:1  | 24995 ||| INVOKING Finesse.
 24996 | Swamp:1  | 24996 ||| INVOKING Heroism.
 25006 | Swamp:1  | 25006 ||| SWAPPING to +9 broad axe of electrocution.
 25087 | Swamp:1  | 25087 ||| INVOKING Heroism.
 25150 | Swamp:1  | 25150 ||| Stepping ~*~*~tactically~*~*~ (hiding).
 25261 | Swamp:1  | 25261 ||| Stepping ~*~*~tactically~*~*~ (hiding).
 25370 | Swamp:1  | 25370 ||| INVOKING Heroism.
 25464 | Swamp:1  | 25464 ||| INVOKING Heroism.
 25998 | Swamp:1  | 25998 ||| READING 12 scrolls of identify.
 25998 | Swamp:1  | 25998 ||| IDENTIFYING coppery potion
 26025 | Swamp:2  | 26025 ||| Stepping ~*~*~tactically~*~*~ (hiding).
 26026 | Swamp:2  | 26026 ||| Stepping ~*~*~tactically~*~*~ (hiding).
 26030 | Swamp:2  | 26030 ||| INVOKING Heroism.
 26089 | Swamp:2  | 26089 ||| FLEEEEING.
 26090 | Swamp:2  | 26090 ||| FLEEEEING.
 26091 | Swamp:2  | 26091 ||| FLEEEEING.
 26092 | Swamp:2  | 26092 ||| STAIRDANCE
 26247 | Swamp:2  | 26247 ||| Stepping ~*~*~tactically~*~*~ (stealth).
 26285 | Swamp:2  | 26285 ||| INVOKING Heroism.
 26286 | Swamp:2  | 26286 ||| SWAPPING to +0 morningstar.
 26300 | Swamp:2  | 26300 ||| SWAPPING to +9 broad axe of electrocution.
 26399 | Swamp:2  | Noticed a thorn hunter
 26400 | Swamp:2  | 26400 ||| Stepping ~*~*~tactically~*~*~ (hiding).
 26404 | Swamp:2  | 26404 ||| INVOKING Heroism.
 26416 | Swamp:2  | Killed a thorn hunter
 26439 | Swamp:2  | 26439 ||| Stepping ~*~*~tactically~*~*~ (hiding).
 26440 | Swamp:2  | 26440 ||| Stepping ~*~*~tactically~*~*~ (hiding).
 26512 | Swamp:2  | Noticed Frances
 26513 | Swamp:2  | 26513 ||| Stepping ~*~*~tactically~*~*~ (hiding).
 26514 | Swamp:2  | 26514 ||| INVOKING Heroism.
 26525 | Swamp:2  | Killed Frances
 26632 | Swamp:2  | 26632 ||| Stepping ~*~*~tactically~*~*~ (hiding).
 26748 | Swamp:2  | 26748 ||| INVOKING Heroism.
 26764 | Swamp:2  | 26764 ||| Stepping ~*~*~tactically~*~*~ (hiding).
 26765 | Swamp:2  | 26765 ||| Stepping ~*~*~tactically~*~*~ (hiding).
 26766 | Swamp:2  | 26766 ||| Stepping ~*~*~tactically~*~*~ (hiding).
 26777 | Swamp:2  | 26777 ||| Stepping ~*~*~tactically~*~*~ (hiding).
 26881 | Swamp:2  | 26881 ||| INVOKING Heroism.
 26883 | Swamp:2  | 26883 ||| SWAPPING to +0 morningstar.
 26887 | Swamp:2  | 26887 ||| SWAPPING to +9 broad axe of electrocution.
 27061 | Swamp:2  | 27061 ||| DROPPING amulet of magic regeneration.
 27113 | Swamp:3  | 27113 ||| INVOKING Heroism.
 27130 | Swamp:3  | 27130 ||| Stepping ~*~*~tactically~*~*~ (hiding).
 27131 | Swamp:3  | 27131 ||| Stepping ~*~*~tactically~*~*~ (hiding).
 27139 | Swamp:3  | 27139 ||| Stepping ~*~*~tactically~*~*~ (hiding).
 27173 | Swamp:3  | 27173 ||| Stepping ~*~*~tactically~*~*~ (stealth).
 27176 | Swamp:3  | 27176 ||| Stepping ~*~*~tactically~*~*~ (hiding).
 27179 | Swamp:3  | 27179 ||| INVOKING Heroism.
 27225 | Swamp:3  | 27225 ||| INVOKING Heroism.
 27353 | Swamp:3  | 27353 ||| INVOKING Heroism.
 27354 | Swamp:3  | 27354 ||| INVOKING Finesse.
 27359 | Swamp:3  | 27359 ||| SWAPPING to +0 morningstar.
 27365 | Swamp:3  | 27365 ||| SWAPPING to +9 broad axe of electrocution.
 27418 | Swamp:3  | Received a gift from Okawaru
 27421 | Swamp:3  | Noticed a fenstrider witch
 27421 | Swamp:3  | Paralysed by a fenstrider witch for 4 turns
 27431 | Swamp:3  | 27431 ||| INVOKING Heroism.
 27434 | Swamp:3  | Paralysed by a fenstrider witch for 2 turns
 27439 | Swamp:3  | Paralysed by a fenstrider witch for 4 turns
 27449 | Swamp:3  | Killed a fenstrider witch
 27705 | Swamp:3  | 27705 ||| INVOKING Heroism.
 27706 | Swamp:3  | 27706 ||| SWAPPING to +0 morningstar.
 27718 | Swamp:3  | 27718 ||| SWAPPING to +9 broad axe of electrocution.
 27809 | Swamp:3  | 27809 ||| INVOKING Heroism.
 27830 | Swamp:3  | 27830 ||| Stepping ~*~*~tactically~*~*~ (hiding).
 27844 | Swamp:3  | Received a gift from Okawaru
 28019 | Swamp:3  | 28019 ||| INVOKING Heroism.
 28047 | Swamp:3  | 28047 ||| PLANNING SPIDER:1-3
 28047 | Swamp:3  | 28047 ||| DROPPING ring of willpower.
 28135 | Spider:1 | Entered Level 1 of the Spider Nest
 28173 | Spider:1 | 28173 ||| DRINKING 4 potions of curing.
 28173 | Spider:1 | 28173 ||| (to cure confusion)
 28267 | Spider:1 | 28267 ||| Stepping ~*~*~tactically~*~*~ (stealth).
 28270 | Spider:1 | 28270 ||| Stepping ~*~*~tactically~*~*~ (stealth).
 28326 | Spider:1 | 28326 ||| INVOKING Heroism.
 28355 | Spider:1 | Received a gift from Okawaru
 28475 | Spider:1 | 28475 ||| INVOKING Finesse.
 28488 | Spider:1 | Reached XP level 17. HP: 79/106 MP: 19/24
 28722 | Spider:1 | 28722 ||| READING scroll of enchant armour.
 28722 | Spider:1 | 28722 ||| ENCHANTING +1 helmet.
 28796 | Spider:1 | 28796 ||| INVOKING Heroism.
 28827 | Spider:1 | 28827 ||| Stepping ~*~*~tactically~*~*~ (stealth).
 28836 | Spider:1 | 28836 ||| Stepping ~*~*~tactically~*~*~ (stealth).
 28838 | Spider:1 | 28838 ||| Stepping ~*~*~tactically~*~*~ (stealth).
 29181 | Spider:1 | 29181 ||| INVOKING Heroism.
 29200 | Spider:1 | 29200 ||| INVOKING Finesse.
 29229 | Spider:1 | 29229 ||| Stepping ~*~*~tactically~*~*~ (stealth).
 29305 | Spider:1 | 29305 ||| Stepping ~*~*~tactically~*~*~ (stealth).
 29418 | Spider:1 | 29418 ||| Stepping ~*~*~tactically~*~*~ (stealth).
 29607 | Spider:1 | 29607 ||| DROPPING +1 pair of boots of rampaging.
 29638 | Spider:2 | 29638 ||| INVOKING Heroism.
 29639 | Spider:2 | Noticed Arachne
 29645 | Spider:2 | 29645 ||| DRINKING 3 potions of curing.
 29645 | Spider:2 | 29645 ||| (to cure confusion)
 29674 | Spider:2 | Killed Arachne
 29676 | Spider:2 | HP: 10/108 [pharaoh ant (19)]
 29677 | Spider:2 | 29677 ||| READING 8 scrolls of teleportation.
 29678 | Spider:2 | 29678 ||| DRINKING 5 potions of heal wounds.
 29693 | Spider:2 | HP: 16/108 [boulder beetle[a torpor snail] (15)]
 29694 | Spider:2 | 29694 ||| READING 7 scrolls of teleportation.
 29695 | Spider:2 | 29695 ||| DRINKING 4 potions of heal wounds.
 29696 | Spider:2 | 29696 ||| DRINKING 3 potions of heal wounds.
 29697 | Spider:2 | 29697 ||| INVOKING Heroism.
 29717 | Spider:2 | 29717 ||| FLEEEEING.
 29718 | Spider:2 | 29718 ||| FLEEEEING.
 29719 | Spider:2 | 29719 ||| INVOKING Heroism.
 29723 | Spider:2 | HP: 7/107 [Arachne the simulacrum (21)]
 29723 | Spider:2 | HP: 1/107 [jumping spider[a jorogumo] (6)]
 29724 | Spider:2 | 29724 ||| READING 6 scrolls of teleportation.
 29725 | Spider:2 | 29725 ||| DRINKING 2 potions of heal wounds.
 29756 | Spider:2 | 29756 ||| INVOKING Heroism.
 29871 | Spider:2 | 29871 ||| INVOKING Heroism.
 29881 | Spider:2 | 29881 ||| DRINKING 7 potions of cancellation.
 29896 | Spider:2 | HP: 23/108 [spark wasp (10)]
 29897 | Spider:2 | 29897 ||| READING 5 scrolls of teleportation.
 29898 | Spider:2 | 29898 ||| DRINKING potion of heal wounds.
 29902 | Spider:2 | 29902 ||| FLEEEEING.
 29903 | Spider:2 | 29903 ||| FLEEEEING.
 29904 | Spider:2 | 29904 ||| FLEEEEING.
 29905 | Spider:2 | 29905 ||| STAIRDANCE
 30156 | Spider:2 | 30156 ||| INVOKING Heroism.
 30158 | Spider:2 | 30158 ||| STAIRDANCE
 30199 | Spider:2 | 30199 ||| INVOKING Heroism.
 30230 | Spider:2 | Noticed Azrael
 30236 | Spider:2 | Killed from afar by Azrael

Levels and vault maps discovered:
D:1:      nicolae_arrival_washed_ashore, layout_basic,
          ebering_ecumenical_altar_hall
D:2:      layout_basic, columned_hall_lemuel, uniq_jessica
D:3:      layout_basic, okawaru_ov_weapons_minmay, xom_teletrap_fun,
          minmay_snake_closets
D:4:      layout_basic, nicolae_qazlal_general_emergency, nicolae_grassy_gnolls,
          uniq_eustachio
D:5:      layout_basic, pdpol_wu_jian_five_deadly_venoms,
          amcnicky_mini_pool_small, abandoned_shop, grunt_ministairs_9,
          kennysheep_generic_room_8, uniq_ijyb
D:6:      layout_rooms, nicolae_ru_path_of_blood, mainiacjoe_overflow_alcove_1,
          grunt_temple_overflow_open, temple_doors_e
D:7:      layout_layer_cave, nicolae_ashenzari_panopticon, serial_shops,
          nicolae_shop_crystal, nicolae_stop_n_shop_1
D:8:      cheibrodos_histonic, layout_loops_cross,
          lemuel_zombie_altar_yredelemnul, erik_lair_orcish_takeover,
          enter_bailey_5, solitary_fountain, uniq_joseph, uniq_grum
D:9:      layout_loops_ring, zin_treasury, overflow_temple_1_default,
          nicolae_uskayaw_dance_studio, uniq_harold, uniq_psyche
D:10:     layout_loops_ring, grunt_temple_overflow_magic_moments,
          small_statue_alley_b
D:11:     layout_loops_ring, orc_0_dummy, hellmonk_bongcloud_opening,
          nicolae_specific_store, kennysheep_orc_sif_temple, uniq_sonja
D:12:     cheibrodos_shockbox, layout_cave_pools, serial_shops, shop, shop,
          nicolae_inconvenience_store, nicolae_square_shop, uniq_josephine,
          uniq_kirke
D:13:     layout_gridville, minmay_beelzebubs_servants, uniq_jorgrun
D:14:     layout_rooms, erik_vaults_2, kiku_gazebo_pond_becter
D:15:     grunt_enter_depths_snipers, layout_loops_corners,
          nicolae_elyvilon_temple_path
Lair:1:   layout_cave_shapes, nzn_ghost_randoct, minivault_11
Lair:2:   layout_cave_pods, skrybe_swamp_entry_bodies,
          ebering_ghost_rock_garden, nicolae_volcano_entry_two_sided,
          infiniplex_staircase_pool
Lair:3:   layout_regular_city, nicolae_spider_entry_orb_guardian,
          beast_lair_carwin_10
Lair:4:   layout_roguey, slime_entry_1
Lair:5:   evilmike_catoblepas_cave, layout_hall_layers, lemuel_fruit_tree,
          serial_bayou_shore_a, grunt_megastairs_3
Swamp:1:  layout_falls_marsh, evilmike_swamp_ruin_house_1, swamp_pool5
Swamp:2:  layout_basic_swamp, serial_swamp_ruin, evilmike_swamp_ruin_house_4,
          evilmike_swamp_ruin_house_6, uniq_frances
Swamp:3:  layout_basic_swamp, evilmike_swamp_ruin_house_5
Spider:1: nicolae_spider_mines_3
Spider:2: layout_spider_delve, uniq_arachne, uniq_azrael
Orc:1:    layout_diamond_mine, uniq_erica
Orc:2:    grunt_orc_cross, layout_diamond_mine

Skill      XL: |  1  2  3  4  5  6  7  8  9 10 11 12 13 14 15 16 17 |
---------------+----------------------------------------------------+-----
Axes           | 2 3 4 5 6 7 8 9 10 12 13 14 15 17 | 17.5
Fighting       | 4 6 7 8 9 10 11 12 13 | 13.0
Dodging        | 1 2 3 4 |  4.0
Invocations    | 3 4 7 10 | 10.0
Armour         | 4 6 7 8 9 10 11 | 11.0
Throwing       | 2 3 5 6 7 |  7.0
Shields        | 7 9 10 11 14 16 17 | 17.4

Action                   |  1- 3 |  4- 6 |  7- 9 | 10-12 | 13-15 | 16-18 || total
-------------------------+-------+-------+-------+-------+-------+-------++-------
Melee: War axe           |    98 |    72 |       |       |       |       ||   170
       Hand axe          |       |    24 |   172 |   367 |       |       ||   563
       Broad axe         |       |       |       |   132 |   738 |   601 ||  1471
       Flail             |       |       |       |       |    32 |       ||    32
       Morningstar       |       |       |       |       |       |    35 ||    35
Throw: Boomerang         |    16 |     9 |     7 |    36 |    21 |     8 ||    97
       Javelin           |       |       |     7 |    68 |   131 |    82 ||   288
Invok: Heroism           |       |       |    14 |    25 |    39 |    33 ||   111
       Finesse           |       |       |       |     5 |    19 |     4 ||    28
  Use: Scroll            |     5 |     4 |     7 |    11 |    16 |     6 ||    49
       Potion            |     1 |     1 |     1 |     1 |     2 |     8 ||    14
 Stab: Distracted        |     1 |       |     3 |     3 |       |       ||     7
       Paralysed         |       |       |       |       |       |     1 ||     1
Armor: Scale mail        |    46 |     5 |       |       |       |       ||    51
       Chain mail        |       |    27 |    50 |     3 |   284 |   319 ||   683
       Plate armour      |       |       |       |   148 |    61 |       ||   209
Dodge: Dodged            |    46 |    55 |    77 |   127 |   289 |   282 ||   876
Block: Buckler           |    21 |    14 |    27 |       |       |       ||    62
       Kite shield       |       |       |     7 |   228 |   163 |       ||   398
       Tower shield      |       |       |       |       |   332 |   593 ||   925

Table legend:
 A = Non-vault XP
 B = Vault XP
 C = Vault XP percentage of total XP
 D = Non-vault monster count
 E = Vault monster count
 F = Vault count percentage of total count
                 A         B        C        D         E       F
            +---------+---------+-------+---------+---------+-------
      Total |  157243 |   56304 |  26.4 |     647 |     183 |  22.0
            +---------+---------+-------+---------+---------+-------
        D:1 |      51 |       0 |   0.0 |      23 |       0 |   0.0
        D:2 |      64 |      37 |  36.6 |      22 |       1 |   4.3
        D:3 |      19 |     128 |  87.1 |      11 |      13 |  54.2
        D:4 |     322 |     301 |  48.3 |      23 |       7 |  23.3
        D:5 |    1412 |     359 |  20.3 |      25 |       9 |  26.5
        D:6 |     462 |       0 |   0.0 |      18 |       0 |   0.0
        D:7 |    2312 |       0 |   0.0 |      36 |       0 |   0.0
        D:8 |    1486 |    1894 |  56.0 |      34 |      18 |  34.6
        D:9 |    1200 |    1358 |  53.1 |       6 |       8 |  57.1
       D:10 |    3108 |       0 |   0.0 |      18 |       0 |   0.0
       D:11 |    3686 |    1012 |  21.5 |      14 |       5 |  26.3
       D:12 |    3197 |    4059 |  55.9 |       9 |      10 |  52.6
       D:13 |    6361 |    3779 |  37.3 |      14 |       6 |  30.0
       D:14 |    9323 |    6967 |  42.8 |      18 |       8 |  30.8
       D:15 |   10634 |    2705 |  20.3 |      25 |       3 |  10.7
     Lair:1 |    3253 |       0 |   0.0 |      19 |       0 |   0.0
     Lair:2 |    7953 |     649 |   7.5 |      31 |       1 |   3.1
     Lair:3 |    4200 |    1386 |  24.8 |      21 |       7 |  25.0
     Lair:4 |    7921 |     157 |   1.9 |      30 |       1 |   3.2
     Lair:5 |   13749 |   15251 |  52.6 |      48 |      33 |  40.7
    Swamp:1 |   11604 |     400 |   3.3 |      18 |       3 |  14.3
    Swamp:2 |   11709 |    1569 |  11.8 |      19 |       1 |   5.0
    Swamp:3 |   14249 |       0 |   0.0 |      25 |       0 |   0.0
   Spider:1 |   18737 |    3379 |  15.3 |      51 |      11 |  17.7
   Spider:2 |   15107 |    2518 |  14.3 |      34 |       3 |   8.1
      Orc:1 |    2178 |     960 |  30.6 |      24 |       2 |   7.7
      Orc:2 |    2946 |    7436 |  71.6 |      31 |      33 |  51.6
            +---------+---------+-------+---------+---------+-------
